Map: Pillars of Gold LE

Players

Reynor - Winner!

  • Race: Zerg Zerg
  • Spawn Location: 1:00

SortOf

  • Race: Zerg Zerg
  • League: Grandmaster
  • Spawn Location: 7:00

Event: DreamHack SC2 Masters 2020 Summer Europe

VOD

Have the link to the VOD?

Description

Time

  • Played on: June 28, 2020, 12:02 p.m.
  • Length: 6:36

All games in this series

Show
View Real Time Build Order
Export as new Build Order

Reynor Zerg - Winner!

Build Orders: Hatch First 

Get SALT Encoding   

  12  0:00  Drone  
  13  0:12  Overlord  
  13  0:17  Drone  
  14  0:30  Drone x2  
  16  0:50  Hatchery  
  16  0:52  Drone  
  16  0:56  Drone  
  17  0:59  Extractor  
  17  1:03  Drone  
  17  1:17  Spawning Pool  
  16  1:20  Drone  
  16  1:23  Drone  
  18  1:28  Drone  
  19  1:39  Overlord  
  19  2:04  Zergling x6, Metabolic Boost  
  19  2:05  Queen  
  24  2:13  Queen  
  26  2:16  Drone  
  26  2:19  Drone  
  26  2:22  Drone  
  29  2:25  Drone  
  30  2:43  Hatchery  
  29  2:46  Drone  
  29  2:48  Drone  
  29  2:51  Zergling x2  
  32  2:55  Overlord  
  32  2:59  Drone  
  32  3:00  Zergling x2  
  34  3:07  Zergling x4  
  35  3:14  Baneling Nest  
  35  3:17  Zergling x4  
  36  3:20  Zergling x4  
  36  3:25  Zergling x4  
  41  3:27  Zergling x2  
  41  3:31  Overlord  
  41  3:34  Zergling x2  
  41  3:38  Zergling x2  
  43  3:54  Zergling x6  
  44  3:59  Zergling x2  
  44  4:00  Zergling x8  
  46  4:04  Zergling x2  
  46  4:06  Baneling x3  
  46  4:08  Drone  
  46  4:09  Zergling x6  
  50  4:16  Zergling x4  
  46  4:18  Zergling x2  
  46  4:22  Zergling x2  
  48  4:24  Zergling x2  
  48  4:26  Baneling  
  48  4:28  Zergling x2  
  49  4:37  Zergling x8  
  49  4:38  Zergling x4  
  52  4:40  Zergling x2  
  52  4:44  Zergling x2  
  49  4:48  Zergling x4  
  49  4:50  Zergling x2  
  47  4:57  Zergling x2  
  47  4:59  Zergling x4  
  49  5:01  Baneling x3  
  49  5:03  Zergling x2  
  47  5:09  Zergling x6  
  50  5:15  Zergling x4  
  50  5:16  Drone  
  50  5:20  Drone  
  54  5:22  Drone  
  54  5:26  Baneling x2  
  54  5:27  Drone  
  55  5:34  Queen  
  57  5:37  Baneling  
  57  5:39  Overlord  
  57  5:45  Overlord  
  57  5:48  Drone x2  
  57  5:52  Drone  
  57  5:55  Drone  
Show
View Real Time Build Order
Export as new Build Order

SortOf Zerg 

Build Orders: Hatch First, Zergling Baneling 

Get SALT Encoding   

  12  0:00  Drone  
  13  0:12  Overlord  
  13  0:17  Drone  
  14  0:31  Drone x2  
  16  0:49  Hatchery  
  15  0:53  Drone  
  15  0:56  Drone  
  17  1:00  Drone  
  18  1:10  Extractor  
  17  1:15  Spawning Pool  
  16  1:19  Drone  
  16  1:22  Drone  
  18  1:32  Drone  
  19  1:41  Drone  
  20  1:52  Drone  
  21  2:02  Queen x2  
  21  2:03  Overlord, Zergling x2  
  26  2:11  Drone, Metabolic Boost  
  28  2:15  Drone  
  28  2:25  Drone  
  29  2:31  Zergling x2  
  30  2:37  Hatchery  
  30  2:41  Drone  
  30  2:42  Drone  
  31  2:46  Drone  
  31  2:51  Baneling Nest  
  31  2:59  Drone x3  
  34  3:06  Zergling x2  
  34  3:08  Zergling x2  
  34  3:10  Overlord  
  35  3:23  Overlord  
  35  3:30  Zergling x10  
  40  3:34  Baneling  
  40  3:35  Zergling x2  
  40  3:38  Queen  
  43  3:46  Queen  
  43  3:48  Baneling  
  43  3:49  Baneling  
  43  3:54  Zergling x10  
  45  4:04  Baneling x3  
  45  4:09  Zergling x6, Extractor  
  44  4:18  Drone x3  
  47  4:30  Baneling x3, Zergling x6  
  46  4:38  Zergling x2  
  46  4:40  Zergling x10  
  46  4:41  Queen  
  48  4:50  Baneling x2  
  48  4:51  Zergling x2  
  48  4:52  Zergling x2  
  46  4:59  Drone x3  
  47  5:00  Zergling x6  
  47  5:04  Zergling x2  
  51  5:09  Zergling x2  
  51  5:13  Baneling x3  
  51  5:14  Baneling  
  52  5:20  Overlord  
  52  5:23  Overlord  
  51  5:31  Overlord  
  51  5:34  Overlord  
  51  5:35  Overlord  
  51  5:38  Baneling x5  
  51  5:40  Zergling x8  
  55  5:49  Zergling x4  
  54  5:52  Zergling x2  
  54  5:53  Zergling x6  
Tags
 
Add a new tag
Caveats
  • Supply blocks, unpowered buildings, or Contaminate may cause inaccurate times.
  • Supply counts are checked every 10 seconds.